 Dungeon Crawl Stone Soup version 0.29-a0-197-ge3fb4bd5a4 (webtiles) character file.

Game seed: 9256598889163350464

272 Hasart the Shield-Bearer (level 6, -6/48 HPs)
             Began as a Formicid Fighter on Feb 22, 2022.
             Mangled by a wyvern zombie (11 damage)
             ... on level 3 of the Dungeon.
             The game lasted 00:04:21 (2308 turns).

Hasart the Shield-Bearer (Formicid Fighter)         Turns: 2308, Time: 00:04:22

Health: -6/48      AC: 10    Str: 23    XL:     6   Next: 48%
Magic:  6/6        EV:  9    Int:  7    God:
Gold:   90         SH:  8    Dex: 10    Spells: 5/5 levels left

rFire   . . .      SeeInvis +   a - +0 war axe
rCold   . . .      Faith    .   f - +0 kite shield
rNeg    . . .      Spirit   .   e - +2 ring mail {rPois}
rPois   +          Reflect  .   (helmet unavailable)
rElec   .          Harm     .   (no cloak)
rCorr   .          Rampage  .   l - +0 pair of gloves
Will    .....                   p - +0 pair of boots
Stlth   +.........              (no amulet)
HPRegen 0.16/turn               (no ring)
MPRegen 0.10/turn               (no ring)

@: no status effects
A: permanent stasis, dig shafts and tunnels, antennae 3, four strong arms
a: Dig, Shaft Self


You were on level 3 of the Dungeon.
You visited 1 branch of the dungeon, and saw 3 of its levels.

You collected 90 gold pieces.

Inventory:

Hand Weapons
 a - a +0 war axe (weapon)
Missiles
 c - 5 boomerangs (quivered)
 s - 6 poisoned darts
Armour
 e - a +2 ring mail of poison resistance (worn)
 f - a +0 kite shield (worn)
 l - a +0 pair of gloves (worn)
 p - a +0 pair of boots (worn)
Jewellery
 h - a ring of magical power
Wands
 q - a wand of polymorph (8)
Scrolls
 b - 2 scrolls of fog {unknown}
 g - a scroll of enchant armour {unknown}
 j - a scroll of fear {unknown}
 m - 2 scrolls of identify {unknown}
 o - 2 scrolls of blinking {unknown}
 r - a scroll of magic mapping {unknown}
Potions
 d - a potion of might
 i - a potion of berserk rage {unknown}
 k - a potion of degeneration {unknown}
 n - a potion of lignification {unknown}


   Skills:
 + Level 4.0 Fighting
 * Level 3.8 Axes
 + Level 1.5 Throwing
 + Level 4.0 Armour
 + Level 1.4 Dodging
 + Level 2.4 Stealth
 + Level 4.3 Shields


You had 5 spell levels left.
You didn't know any spells.
Your spell library contained the following spells:

 Spells                   Type           Power      Damage    Failure   Level
 Ensorcelled Hibernation  Hex/Ice        0%         N/A       94%         2
 Passwall                 Tmut/Erth      0%         N/A       94%         2
 Leda's Liquefaction      Hex/Erth       0%         N/A       100%        4
 Lee's Rapid Deconstruct  Erth           0%         3d5*      100%        5
 Statue Form              Tmut/Erth      0%         N/A       100%        6
 Swiftness                Air            Unusable   N/A       N/A         3

Dungeon Overview and Level Annotations

Branches:
Dungeon (3/15)

Altars:


Innate Abilities, Weirdness & Mutations

You cannot be hasted, slowed, berserked, paralysed or teleported.
You can dig through walls and to a lower floor.
You have a pair of large antennae on your head. (SInv)
Your four strong arms can wield two-handed weapons with a shield.


Message History

You slash the wyvern zombie!
The wyvern zombie is severely damaged.
The wyvern zombie barely misses you. The wyvern zombie bites you!
You barely miss the wyvern zombie.
The wyvern zombie is severely damaged.
You block the wyvern zombie's attack. The wyvern zombie closely misses you.
You hit the wyvern zombie but do no damage.
The wyvern zombie is severely damaged.
The wyvern zombie bites you! The wyvern zombie bites you.
You barely miss the wyvern zombie.
The wyvern zombie is severely damaged.
The wyvern zombie bites you!
* * * LOW HITPOINT WARNING * * *
The wyvern zombie bites you.
* * * LOW HITPOINT WARNING * * *
You slash the wyvern zombie!
The wyvern zombie is severely damaged.
You block the wyvern zombie's attack. The wyvern zombie barely misses you.
Unknown command.
You hit the wyvern zombie.
The wyvern zombie is almost destroyed.
The wyvern zombie bites you.
* * * LOW HITPOINT WARNING * * *
The wyvern zombie bites you but does no damage.
Unknown command.
You hit the wyvern zombie.
The wyvern zombie is almost destroyed.
The wyvern zombie closely misses you.
Unknown command.
You barely miss the wyvern zombie.
The wyvern zombie is almost destroyed.
The wyvern zombie bites you but does no damage.
You block the wyvern zombie's attack.
Unknown command.
You barely miss the wyvern zombie.
The wyvern zombie is almost destroyed.
The wyvern zombie bites you.
* * * LOW HITPOINT WARNING * * *
The wyvern zombie bites you!
You die...

####.###....#
#######...
##.......[...#
#.....
#.!..........#
#.#...
#...........##
#.#.##
.###...###.#
#.#.#
#G#...#G#.#
#.#.#
#.###...###.#
#.#.##
........Z...#
#.#...
......_.@†..#
#.####
............#
#..<
..###...###.#
#.#)
..#G#...#G#..#
#.#. ###...###
.# #.#. .....
# #.#) #.##..
#.#. .. ..
#.#. #...


You could see 2 great orbs of eyes, 2 floating eyes and a wyvern zombie.

Vanquished Creatures
  A black bear (D:3)
  An orc priest (D:3)
  Terence (D:2)
  An orc wizard (D:2)
  A gnoll (D:1)
  4 adders
  4 worms (D:2)
  2 dart slugs (D:1)
  An orc (D:3)
  5 ball pythons
  4 endoplasms
  A giant cockroach (D:2)
  8 hobgoblins
  A quokka (D:2)
  6 bats
  4 frilled lizards (D:1)
  3 goblins
  6 kobolds
  2 rats (D:1)
56 creatures vanquished.

Notes
Turn   | Place    | Note
-------+----------+-------------------------------------------
     0 | D:1      | Hasart the Formicid Fighter began the quest for the Orb.
     0 | D:1      | Reached XP level 1. HP: 18/18 MP: 1/1
    80 | D:1      | Reached XP level 2. HP: 11/24 MP: 2/2
   514 | D:1      | Reached skill level 1 in Stealth
   514 | D:1      | Reached XP level 3. HP: 29/29 MP: 3/3
  1012 | D:2      | Reached XP level 4. HP: 35/35 MP: 4/4
  1695 | D:2      | Noticed Terence
  1702 | D:2      | Reached XP level 5. HP: 40/42 MP: 5/5
  1708 | D:2      | Killed Terence
  1709 | D:2      | Reached skill level 1 in Throwing
  1709 | D:2      | Reached skill level 1 in Dodging
  2222 | D:3      | Noticed a black bear
  2256 | D:3      | Reached XP level 6. HP: 48/48 MP: 6/6
  2257 | D:3      | Killed a black bear
  2283 | D:3      | Noticed a great orb of eyes
  2284 | D:3      | Found a faded altar of an unknown god.
  2288 | D:3      | Noticed a floating eye
  2288 | D:3      | Noticed a floating eye
  2288 | D:3      | Noticed a great orb of eyes
  2308 | D:3      | Mangled by a wyvern zombie

Illustrated notes

Levels and vault maps discovered:
D:1:      psy_arrival_fountain, layout_rooms, nicolae_figureground_pulse
D:2:      layout_basic, kennysheep_doodads, uniq_terence
D:3:      layout_basic, okawaru_trees_2, hellmonk_ecumenical_altar_watching_god,
          lemuel_another_geyser, uniq_robin

Skill      XL: |  1  2  3  4  5  6 |
---------------+-------------------+-----
Stealth        | 1 2 |  2.4
Shields        | 4 |  4.3
Axes           | 3 |  3.8
Throwing       | 1 |  1.5
Dodging        | 1 |  1.4
Fighting       | 4 |  4.0
Armour         | 4 |  4.0

Action                   |  1- 3 |  4- 6 || total
-------------------------+-------+-------++-------
Melee: War axe           |   102 |   100 ||   202
Throw: Boomerang         |       |     3 ||     3
 Stab: Sleeping          |       |     1 ||     1
Armor: Ring mail         |    43 |    67 ||   110
Dodge: Dodged            |    40 |    55 ||    95
Block: Buckler           |     9 |       ||     9
       Kite shield       |    31 |    41 ||    72

Table legend: (Time is in decaauts)
 A = Elapsed time spent in this place.
 B = Non-inter-level travel time spent in this place.
 C = Inter-level travel time spent in this place.
 D = Time resting spent in this place.
 E = Time spent auto-exploring this place.
 F = Levels seen in this place.
 G = Mean time per level.
                   A        B        C        D        E       F      G
               +--------+--------+--------+--------+--------+-----+--------+
         Total |   2406 |   2388 |     18 |    184 |   1591 |   3 |  802.0 |
       Dungeon |   2406 |   2388 |     18 |    184 |   1591 |   3 |  802.0 |
               +--------+--------+--------+--------+--------+-----+--------+

Top non-repeatable levels by time:
     D:2: 1271 daAuts
     D:1: 905 daAuts
     D:3: 229 daAuts
